 Dungeon Crawl Stone Soup version 0.23-a0-336-g43d87f4c55 (webtiles) character file.

25 Besh the Sneak (level 2, 0/13 HPs)
             Began as a Spriggan Enchanter on Oct 18, 2018.
             Slain by a jackal (1 damage)
             ... on level 2 of the Dungeon.
             The game lasted 00:02:54 (624 turns).

Besh the Sneak (Spriggan Enchanter)                  Turns: 624, Time: 00:02:55

Health: 0/13       AC:  2    Str:  4    XL:     2   Next: 82%
Magic:  7/7        EV: 18    Int: 16    God:
Gold:   10         SH:  0    Dex: 16    Spells: 5/8 levels left

rFire    . . .     SeeInvis +   a - +1 dagger
rCold    . . .     Gourm    .   (shield restricted)
rNeg     . . .     Faith    .   b - +0 robe
rPois    .         Spirit   .   (helmet restricted)
rElec    .         Reflect  .   (no cloak)
rCorr    .         Harm     .   (gloves unavailable)
MR       .....                  (boots unavailable)
Stlth    +++.......             (no amulet)
HPRegen  0.04/turn              (no ring)
MPRegen  0.10/turn              (no ring)

@: very quick
A: very small, unfitting armour, see invisible, herbivore, speed 3, slow
metabolism 2
a: no special abilities


You were on level 2 of the Dungeon.
You were not hungry.

You visited 1 branch of the dungeon, and saw 2 of its levels.

You collected 10 gold pieces.

Inventory:

Hand Weapons
 a - a +1 dagger (weapon)
Armour
 b - a +0 robe (worn)
Potions
 c - a potion of curing {unknown}
Comestibles
 d - 2 rations


   Skills:
 - Level 1.1 Short Blades
 - Level 3.0 Dodging
 - Level 4.4 Stealth
 + Level 3.6 Spellcasting
 + Level 4.3 Hexes


You had 5 spell levels left.
You knew the following spells:

 Your Spells              Type           Power        Failure   Level  Hunger
a - Ensorcelled Hibernat  Hex/Ice        #.....       11%         2    ##.....
b - Corona                Hex            ###....      3%          1    None

Your spell library contained the following spells:

 Spells                   Type           Power        Failure   Level  Hunger
 Confuse                  Hex            ###.....     9%          3    ###....
 Tukima's Dance           Hex            ###.....     9%          3    ###....
 Dazzling Spray           Conj/Hex       #.....       22%         3    ###....


Dungeon Overview and Level Annotations

Branches:
Dungeon (2/15)

Altars:


Innate Abilities, Weirdness & Mutations

You are very small and have problems with some larger weapons.
You are too small for most types of armour.
You have supernaturally acute eyesight. (SInv)
You are a herbivore.
You cover ground extremely quickly.
You need to consume almost no food.


Message History

The kobold hits you with a +0 short sword.
* * * LOW HITPOINT WARNING * * *
The kobold throws a stone.
The stone completely misses you.
The kobold throws a stone.
The stone barely misses you.
There is an escape hatch in the floor here.
You slide downwards.
The hatch slams shut behind you.
A bat and a hobgoblin come into view.
The jackal barks!
The hobgoblin shouts!
You hear a shout!
Found a stone staircase leading down.
A gnoll comes into view. It is wielding a +0 spear.
The bat barely misses you. The bat misses you. The bat misses you.
A kobold comes into view.
The kobold shouts!
The bat hits you.
* * * LOW HITPOINT WARNING * * *
There is a stone staircase leading down here.
The bat hits you but does no damage. The jackal bites you.
You die...

#. .#
#.###..
....K.
###.##.###
#....#...
#.#..#.#
#.#....#
#.#g#h.#
#.#.#b@#
#.#....#
#.###....#
g.
#......#
#.####.#
#.. # ###


You could see a jackal, a bat and a kobold.

Vanquished Creatures
  An ooze (D:1)
  2 dart slugs (D:1)
  A leopard gecko (D:1)
  A bat (D:1)
  A giant cockroach (D:1)
  2 hobgoblins (D:1)
  A goblin (D:1)
  4 kobolds (D:1)
  4 rats (D:1)
17 creatures vanquished.

Notes
Turn   | Place    | Note
-------+----------+-------------------------------------------
     0 | D:1      | Besh the Spriggan Enchanter began the quest for the Orb.
     0 | D:1      | Reached XP level 1. HP: 9/9 MP: 5/5
   126 | D:1      | Reached XP level 2. HP: 13/13 MP: 7/7
   130 | D:1      | Learned a level 2 spell: Ensorcelled Hibernation
   624 | D:2      | Slain by a jackal

Vault maps used:
D:1:      nzn_arrival_water_spiral
D:2:      vehumet_crystals, tso_altar, gammafunk_temple_overflow_pools

Skill      XL: |  1 |
---------------+----+-----
Spellcasting   | 3 |  3.6
Hexes          | 4 |  4.3
Short Blades   | |  1.1
Dodging        | |  3.0
Stealth        | |  4.4

Action                   || total
-------------------------++-------
Melee: Dagger            ||    49
 Cast: Corona            ||     3
       Ensorcelled Hiber ||     8
 Stab: Sleeping          ||    11
       Distracted        ||     1
Armor: Robe              ||     5
Dodge: Dodged            ||    42

Table legend:
 A = Non-vault XP
 B = Vault XP
 C = Vault XP percentage of total XP
 D = Non-vault monster count
 E = Vault monster count
 F = Vault count percentage of total count
                 A         B        C        D         E       F
            +---------+---------+-------+---------+---------+-------
      Total |      36 |       0 |   0.0 |      17 |       0 |   0.0
            +---------+---------+-------+---------+---------+-------
        D:1 |      36 |       0 |   0.0 |      17 |       0 |   0.0
            +---------+---------+-------+---------+---------+-------
